 Dungeon Crawl Stone Soup version 0.13-a0-3110-gf6e36dc (webtiles) character file.

932 PolkaDot the Ruinous (level 7, -6/44 HPs)
             Began as a Vampire Wizard on Sept 19, 2013.
             Mangled by PleasurePal's ghost (18 damage)
             ... on Level 5 of the Dungeon on Sept 20, 2013.
             The game lasted 00:21:27 (4329 turns).

PolkaDot the Ruinous (Vampire Wizard)               Turns: 4329, Time: 00:21:28

HP  -6/44        AC 14     Str 11      XL: 7   Next: 39%
MP   7/17        EV 12     Int 22      God:
Gold 228         SH  0     Dex 12      Spells:  3 memorised,  5 levels left

Res.Fire  : . . .   See Invis. : +   o - +1,+4 mace (protect)
Res.Cold  : . . .   Warding    : .   m - +2 robe {rN+}
Life Prot.: + + .   Conserve   : .   (no shield)
Res.Poison: .       Res.Corr.  : .   s - +1 wizard hat
Res.Elec. : .       Clarity    : .   (no cloak)
Sust.Abil.: . .     Spirit.Shd : .   r - +2 pair of dwarf gauntlets
Res.Mut.  : .       Stasis     : .   j - +0 pair of boots
Res.Rott. : .       Flight     : .   (no amulet)
Saprovore : . . .                    (no ring)
                                     h - ring of positive energy

@: regenerating quickly, mighty, very slightly contaminated, slightly resistant
to hostile enchantments, stealthy
A: bottle blood, fangs 3, see invisible, unbreathing
a: Bottle Blood


You were on level 5 of the Dungeon.
You were very full.

You visited 1 branch of the dungeon, and saw 5 of its levels.
You also visited: Sewer.

You collected 208 gold pieces.

Inventory:

Hand weapons
 e - a +0,+1 orcish spear (quivered)
 l - a +3,+2 flail of holy wrath
 o - a +1,+4 mace of protection (weapon)
Armour
 j - a +0 pair of boots (worn)
 m - a +2 robe of positive energy (worn)
 p - a +0 cloak
 r - a +2 pair of dwarven gauntlets (worn)
 s - a +1 wizard hat (worn)
Magical devices
 d - a wand of random effects (12)
Scrolls
 f - 4 scrolls of remove curse
 g - 3 scrolls of teleportation
 i - a scroll of identify
 k - a scroll of enchant weapon I {unknown}
 q - a scroll of blinking
 v - a scroll of curse weapon {unknown}
Jewellery
 h - a ring of positive energy (left hand)
Potions
 n - 9 potions of blood
 w - a potion of slowing {unknown}
Books
 b - a book of Conjurations

   Spells                             Type                      Level
   *Magic Dart                        Conjuration                  1
   Searing Ray                        Conjuration                  2
   Dazzling Spray                     Conjuration/Hexes            3
   Iskenderun's Mystic Blast          Conjuration                  4
   Iskenderun's Battlesphere          Conjuration/Charms           4
   Fulminant Prism                    Conjuration/Hexes            5
 c - a book of Minor Magic

   Spells                             Type                      Level
   *Magic Dart                        Conjuration                  1
   Blink                              Translocation                2
   Call Imp                           Summoning                    2
   Repel Missiles                     Charms/Air                   2
   Slow                               Hexes                        2
   *Conjure Flame                     Conjuration/Fire             3
   *Mephitic Cloud                    Conjuration/Poison/Air       3
 t - a book of Necromancy

   Spells                             Type                      Level
   Pain                               Necromancy                   1
   Animate Skeleton                   Necromancy                   1
   Lethal Infusion                    Charms/Necromancy            2
   Vampiric Draining                  Necromancy                   3
   Regeneration                       Charms/Necromancy            3
   Animate Dead                       Necromancy                   4
   Control Undead                     Necromancy                   4


   Skills:
 - Level 2.1 Dodging
 - Level 3.0 Stealth
 - Level 3.0 Spellcasting
 + Level 5.3 Conjurations
   Level 1.0 Summonings
   Level 0.7 Translocations
 + Level 1.7 Fire Magic
 * Level 3.0 Air Magic


You had 5 spell levels left.
You knew the following spells:

 Your Spells              Type           Power        Failure   Level  Hunger
a - Magic Dart            Conj           ####         1%          1    None
d - Mephitic Cloud        Conj/Pois/Air  ###.....     12%         3    ###....
s - Conjure Flame         Conj/Fire      ###.....     12%         3    ###....


Dungeon Overview and Level Annotations

Branches:
Dungeon (5/27)
 Temple: D:4-7

Altars:
Okawaru

Annotations:
D:5 PleasurePal's ghost, average TrBe


Innate Abilities, Weirdness & Mutations

Your natural rate of healing is unusually fast.
You can bottle blood from corpses.
You have razor-sharp teeth.*
You have supernaturally acute eyesight.
You can survive without breathing.*


Message History

You sock PleasurePal's ghost!
PleasurePal's ghost is almost destroyed.
PleasurePal's ghost hits you but does no damage.
PleasurePal's ghost hits you.
You closely miss PleasurePal's ghost.
You bite PleasurePal's ghost, but do no damage.
PleasurePal's ghost is almost destroyed.
PleasurePal's ghost hits you but does no damage.
You completely miss PleasurePal's ghost.
PleasurePal's ghost is almost destroyed.
PleasurePal's ghost hits you!
* * * LOW HITPOINT WARNING * * *
PleasurePal's ghost barely misses you.
You closely miss PleasurePal's ghost.
PleasurePal's ghost is almost destroyed.
PleasurePal's ghost closely misses you.
You hit PleasurePal's ghost.
PleasurePal's ghost is almost destroyed.
PleasurePal's ghost hits you!
You die...

#####.##..##.#
#.###.##.# #.#
#.##.# #####.#
#.##.# ......#
#.##.# #######
#.##.#
##.##.#####
#.%.......#
#.#######@# #p#
#§# #.# #§# #.#
#.#######.## #
#..........#
..#######.....#


You could see PleasurePal's ghost.

Vanquished Creatures
  Sigmund (D:3)
  2 giant frogs (Sewer)
  A crimson imp (D:3)
  Crazy Yiuf (D:3)
  A hound (D:4)
  A jelly (Sewer)
  An orc wizard (D:3)
  A scorpion (D:4)
  A worker ant (D:4)
  Ijyb (D:2)
  Jessica (D:2)
  An ogre skeleton (D:4)
  Terence (D:3)
  A hound skeleton (D:5)
  An adder (D:5)
  8 giant mites (Sewer)
  2 worms
  A giant eyeball (D:3)
  14 giant geckos
  An ooze (D:4)
  8 orcs (D:3)
  12 ball pythons
  16 giant cockroaches
  13 goblins
  9 hobgoblins
  4 jackals (D:2)
  13 kobolds
  A quokka (D:3)
  4 training dummies (D:4)
  6 bats
  12 giant newts
  A kobold skeleton (D:4)
  10 rats
151 creatures vanquished.

Notes
Turn   | Place    | Note
--------------------------------------------------------------
     0 | D:1      | PolkaDot, the Vampire Wizard, began the quest for the Orb.
     0 | D:1      | Reached XP level 1. HP: 11/11 MP: 6/6
    42 | D:1      | Reached skill level 1 in Conjurations
   279 | D:1      | Reached XP level 2. HP: 17/17 MP: 6/8
   880 | D:1      | Reached XP level 3. HP: 22/22 MP: 10/10
   885 | D:1      | Learned a level 3 spell: Conjure Flame
   889 | D:1      | Learned a level 3 spell: Mephitic Cloud
   956 | D:2      | Upgraded the game from 0.13-a0-3104-gb5885e9 to 0.13-a0-3110-gf6e36dc
  1149 | D:2      | Noticed Ijyb
  1199 | D:2      | Killed Ijyb
  1534 | D:2      | Noticed Jessica
  1538 | D:2      | Killed Jessica
  1538 | D:2      | Reached XP level 4. HP: 28/28 MP: 7/12
  1882 | D:3      | Noticed Terence
  1909 | D:3      | Killed Terence
  1920 | D:3      | Noticed Sigmund
  1922 | D:3      | Reached XP level 5. HP: 27/33 MP: 1/13
  1935 | D:3      | Killed Sigmund
  1935 | D:3      | Reached skill level 4 in Conjurations
  2264 | D:3      | Reached XP level 6. HP: 11/39 MP: 12/15
  2309 | D:3      | Noticed Crazy Yiuf
  2358 | D:3      | Killed Crazy Yiuf
  2475 | D:3      | Found a glowing drain.
  2502 | Sewer    | Entered a sewer
  2693 | Sewer    | Reached skill level 5 in Conjurations
  2988 | Sewer    | Reached skill level 1 in Air Magic
  3131 | Sewer    | Reached skill level 1 in Fire Magic
  3136 | Sewer    | Reached XP level 7. HP: 44/44 MP: 2/17
  3474 | D:4      | Got a polished war axe
  3475 | D:4      | Identified the war axe "Leviticus" {speed, rC+} (You found it on level 4 of the Dungeon)
  3799 | D:4      | Found an iron altar of Okawaru.
  4123 | D:5      | Entered Level 5 of the Dungeon
  4138 | D:5      | Noticed PleasurePal's ghost (average TrBe)
  4329 | D:5      | Mangled by PleasurePal's ghost

Action                   |  1- 3 |  4- 6 |  7- 9 || total
-------------------------+-------+-------+-------++-------
Melee: Spear             |   105 |       |       ||   105
       Unarmed           |     5 |       |       ||     5
       Mace              |       |   177 |    61 ||   238
 Cast: Magic Dart        |    56 |    97 |    28 ||   181
       Mephitic Cloud    |     1 |     5 |     2 ||     8
       Conjure Flame     |       |     1 |     6 ||     7
 Abil: Bottle Blood      |       |    10 |     8 ||    18
  Use: Potion            |     3 |     2 |    11 ||    16
       Scroll            |       |     8 |     1 ||     9
 Stab: Sleeping          |     3 |     6 |     3 ||    12
       Confused          |     3 |     2 |     5 ||    10
